 Dungeon Crawl Stone Soup version 0.20.1-1-g8b1a95d (webtiles) character file.

48 KoningWillie the Ducker (level 3, 0/36 HPs)
             Began as a Troll Fighter on Sept 24, 2017.
             Slain by a gnoll
             ... wielding a +0 spear
              (5 damage)
             ... on level 2 of the Dungeon.
             The game lasted 00:02:55 (1911 turns).

KoningWillie the Ducker (Troll Fighter)             Turns: 1911, Time: 00:02:56

Health: 0/36       AC:  5    Str: 30    XL:     3   Next: 50%
Magic:  2/2        EV:  8    Int:  4    God:
Gold:   74         SH:  9    Dex:  9    Spells: 2/2 levels left

rFire    . . .     SeeInvis .   a - +0 long sword
rCold    . . .     Gourm    +   c - +0 shield
rNeg     . . .     Faith    .   b - +0 robe
rPois    .         Spirit   .   (helmet restricted)
rElec    .         Reflect  .   i - scarf {cloud immunity}
rCorr    .         Harm     .   (gloves unavailable)
MR       .....                  (boots unavailable)
Stlth    +.........             (no amulet)
Regen    0.6/turn               (no ring)
MPRegen  0.1/turn               (no ring)

@: mighty
A: unfitting armour, claws 3, fast metabolism 3, gourmand, regeneration 1,
shaggy fur 1, tough skin 2
a: no special abilities


You were on level 2 of the Dungeon.
You were very full.

You visited 1 branch of the dungeon, and saw 2 of its levels.

You collected 74 gold pieces.

Inventory:

Hand Weapons
 a - a +0 long sword (weapon)
Armour
 b - a +0 robe (worn)
 c - a +0 shield (worn)
 i - a scarf of cloud immunity (worn)
Scrolls
 k - a scroll of remove curse
 n - 2 scrolls of teleportation
Potions
 d - 2 potions of might
 e - a potion of heal wounds {unknown}
 g - a potion of lignification {unknown}
 l - a potion of flight {unknown}
 o - 2 potions of cancellation {unknown}
Comestibles
 f - 5 bread rations
 h - 2 chunks of flesh
 j - a royal jelly
 m - a meat ration


   Skills:
 + Level 2.7 Fighting
 + Level 2.0 Long Blades
 + Level 2.8 Dodging
 + Level 0.1 Stealth
 + Level 2.7 Shields


You had 2 spell levels left.
You didn't know any spells.

Dungeon Overview and Level Annotations

Branches:
Dungeon (2/15)

Altars:
Vehumet


Innate Abilities, Weirdness & Mutations

You are too large for most types of armour.
You have claws for hands.
Your metabolism is lightning-fast.
You like to eat raw meat.
Your natural rate of healing is unusually fast.
You are covered in fur. (AC +1)
You have very tough skin. (AC +2)


Message History

The gnoll is almost dead.
The gnoll hits you but does no damage. The gnoll hits you with a whip.
The gnoll hits you with a club. You block the gnoll's attack.
The gnoll hits you with a whip.
* * * LOW HITPOINT WARNING * * *
You hit the gnoll but do no damage.
The gnoll is almost dead.
The gnoll barely misses you. You block the gnoll's attack. x2
You slash the gnoll!
You kill the gnoll!
The gnoll hits you from afar with a spear.
* * * LOW HITPOINT WARNING * * *
You block the gnoll's attack. x2
You barely miss the gnoll. You block the gnoll's attack. x2
The gnoll hits you with a whip.
* * * LOW HITPOINT WARNING * * *
Okay, then.
You feel very mighty all of a sudden.
The gnoll hits you from afar with a spear.
You die...

#... #.#. #.#. # #.#.
##.#######################.#.
......................)....#.
##.....................#.....
...............#########..##.
..........gg@.รท......>....#..
########.......##########...)
#.......# #...# #.......#
#...# #.......# ##..#
#.......######## #...
#......)........ ##..
#............... #".
#......######### #..


You could see 2 gnolls.

Vanquished Creatures
  A gnoll (D:2)
  An adder (D:2)
  A dart slug (D:1)
  A leopard gecko (D:1)
  5 goblins
  6 hobgoblins
  A quokka (D:1)
  A ball python (D:2)
  3 bats (D:1)
  2 frilled lizards
  A kobold (D:1)
  3 rats
26 creatures vanquished.

Notes
Turn   | Place    | Note
-------+----------+-------------------------------------------
     0 | D:1      | KoningWillie the Troll Fighter began the quest for the Orb.
     0 | D:1      | Reached XP level 1. HP: 22/22 MP: 0/0
   537 | D:1      | Reached XP level 2. HP: 29/29 MP: 1/1
  1803 | D:2      | Found a radiant altar of Vehumet.
  1843 | D:2      | Reached XP level 3. HP: 30/36 MP: 2/2
  1911 | D:2      | Slain by a gnoll

Skill      XL: |  1  2 |
---------------+-------+-----
Long Blades    | 2 |  2.0
Fighting       | |  2.7
Dodging        | |  2.8
Stealth        | |  0.1
Shields        | |  2.7

Action                   || total
-------------------------++-------
Melee: Long sword        ||   129
  Use: Scroll            ||     3
       Potion            ||     1
  Eat: Chunk             ||    13
       Meat ration       ||     2
Armor: Robe              ||    67
Dodge: Dodged            ||    52
Block: Shield            ||    72
       Rpst.: Long sword ||    22
